 Dungeon Crawl Stone Soup version 0.28-a0-683-ga8797d1ae1 (webtiles) character file.

Game seed: 11694900480307393617

14358 shoop the Thrower (level 12, -8/117 HPs)
             Began as an Ogre Hunter on Oct 19, 2021.
             Was an Elder of Hepliaklqana.
             Mangled by Snorg the shock serpent (14 damage)
             ... on level 4 of the Lair of Beasts.
             The game lasted 00:57:48 (18170 turns).

shoop the Thrower (Ogre Hunter)                    Turns: 18170, Time: 00:57:48

Health: -8/117     AC: 10    Str: 22    XL:     12   Next: 15%
Magic:  14/19      EV: 14    Int: 13    God:    Hepliaklqana [****..]
Gold:   501        SH:  0    Dex:  9    Spells: 18/21 levels left

rFire   + . .      SeeInvis .   a - +2 trident (venom)
rCold   . . .      Faith    +   (no shield)
rNeg    . . .      Spirit   .   e - +0 acid dragon scales
rPois   +          Reflect  .   (helmet restricted)
rElec   .          Harm     .   Z - +2 cloak {rF+}
rCorr   +          Rampage  .   (gloves unavailable)
Will    +....                   (boots unavailable)
Stlth   +.........              w - amulet of faith
HPRegen 0.29/turn               B - ring of poison resistance
MPRegen 0.16/turn               y - +4 ring of evasion

@: no status effects
A: reduced essence, large, unfitting armour, tough skin 1
a: Renounce Religion, Recall Ancestor, Ancestor Identity, Transference, Idealise


You were on level 4 of the Lair of Beasts.
You worshipped Hepliaklqana.
Hepliaklqana was greatly pleased with you.
You visited 3 branches of the dungeon, and saw 15 of its levels.
You also visited: Ossuary and Volcano.

You collected 801 gold pieces.
You spent 300 gold pieces at shops.

Inventory:

Hand Weapons
 a - a +2 trident of venom (weapon)
 b - a +3 quarterstaff of speed
 D - a +0 giant club
 H - a +0 giant spiked club
Missiles
 c - 9 large rocks
 d - 2 throwing nets
 m - 10 javelins
 s - 12 poisoned darts
 z - 5 boomerangs (quivered)
Armour
 e - +0 acid dragon scales (worn)
 h - a +0 cloak
 o - a +0 robe
 U - a +0 troll leather armour
 Z - a +2 cloak of fire resistance (worn)
Jewellery
 w - an amulet of faith (around neck)
 y - a +4 ring of evasion (right hand)
 B - a ring of poison resistance (left hand)
 V - an amulet of the acrobat
Wands
 i - a wand of paralysis (4)
 p - a wand of iceblast (4)
 t - a wand of acid (13)
 x - a wand of polymorph (3)
 K - a wand of mindburst (21)
 L - a wand of flame (38)
Scrolls
 g - 2 scrolls of immolation {unknown}
 j - 3 scrolls of blinking
 n - 12 scrolls of teleportation
 q - 3 scrolls of enchant armour {unknown}
 r - a scroll of silence {unknown}
 v - 4 scrolls of enchant weapon
 C - 3 scrolls of fog
 E - 3 scrolls of fear
 F - 5 scrolls of magic mapping
 I - 2 scrolls of vulnerability
 M - a scroll of summoning
 N - a scroll of holy word {unknown}
 O - a scroll of brand weapon
 S - 3 scrolls of torment {unknown}
 W - a scroll of acquirement {unknown}
Potions
 f - 5 potions of might {unknown}
 k - 3 potions of brilliance {unknown}
 l - 7 potions of curing
 u - 4 potions of flight {unknown}
 A - 2 potions of lignification
 G - 3 potions of magic {unknown}
 J - 2 potions of ambrosia
 P - 2 potions of attraction
 Q - 2 potions of berserk rage {unknown}
 R - 2 potions of degeneration {unknown}
 T - 2 potions of haste
 X - 2 potions of invisibility {unknown}
 Y - 2 potions of heal wounds {unknown}


   Skills:
 - Level 11.2 Fighting
 - Level 2.0 Maces & Flails
 - Level 12.1 Throwing
 - Level 3.0 Armour
 - Level 3.4 Dodging
 - Level 2.0 Stealth
 - Level 5.1 Spellcasting
 - Level 4.0 Conjurations
 - Level 4.0 Air Magic
 - Level 4.0 Poison Magic
 + Level 5.3 Invocations
 - Level 4.0 Evocations


You had 18 spell levels left.
You knew the following spells:

 Your Spells              Type           Power      Damage    Failure   Level
a - Mephitic Cloud        Conj/Pois/Air  13%        N/A       14%         3

Your spell library contained the following spells:

 Spells                   Type           Power      Damage    Failure   Level
 Magic Dart               Conj           52%        1d5       4%          1
 Poisonous Vapours        Pois/Air       26%        N/A       7%          2
 Sting                    Tmut/Pois      32%        1d4       11%         1
 Corpse Rot               Necr/Air       16%        N/A       16%         2
 Pain                     Necr           12%        1d4       24%         1
 Conjure Flame            Conj/Fire      8%         6-21      30%         3
 Spider Form              Tmut/Pois      4%         N/A       30%         3
 Call Imp                 Summ           3%         N/A       34%         2
 Ensorcelled Hibernation  Hex/Ice        6%         N/A       34%         2
 Sublimation of Blood     Necr           1%         N/A       34%         2
 Ignite Poison            Fire/Tmut/Pois 6%         N/A       38%         3
 Olgreb's Toxic Radiance  Pois           13%        N/A       41%         4
 Sticky Flame             Conj/Fire      8%         2d3       71%         4
 Animate Dead             Necr           1%         N/A       93%         4
 Dispel Undead            Necr           3%         3d7       93%         4
 Petrify                  Tmut/Erth      3%         N/A       93%         4
 Alistair's Intoxication  Tmut/Pois      5%         N/A       96%         5
 Irradiate                Conj/Tmut      4%         3d15      96%         5
 Agony                    Necr           3%         N/A       100%        5
 Borgnjor's Vile Clutch   Necr/Erth      1%         N/A       100%        5
 Excruciating Wounds      Necr           1%         N/A       100%        5
 Death Channel            Necr           1%         N/A       100%        6
 Eringya's Noxious Bog    Tmut/Pois      4%         N/A       100%        6
 Haunt                    Necr/Summ      1%         N/A       100%        7
 Infestation              Necr           1%         N/A       100%        8


Dungeon Overview and Level Annotations

Branches:
Dungeon (10/15)            Temple (1/1) D:7            Lair (4/6) D:8
  Swamp (0/4) Lair:2      Ossuary (visited)         Volcano (visited)
  Snake: Lair:2-4    Spider: Lair:2-4       Orc: D:9-12

Altars:
Ashenzari
Cheibriados
Dithmenos
Elyvilon
Fedhas
Gozag
Hepliaklqana
Kikubaaqudgha
Makhleb
Nemelex Xobeh
Okawaru
Qazlal
Ru
Sif Muna
Trog
Uskayaw
Vehumet
Wu Jian
Xom
Yredelemnul
Zin
The Shining One

Shops:
D:5 ??   D:7 *?   D:9 :

Annotations:
D:2 exclusion: 2 gnolls
D:3 1 runed translucent door, Crazy Yiuf
D:6 exclusion: phantom
D:8 exclusion: steam dragon, Erica, Harold
Lair:4 Snorg


Innate Abilities, Weirdness & Mutations

Your life essence is reduced to manifest your ancestor. (-10% HP)
You are too large for most types of armour.
You have tough skin. (AC +1)


Message History

Press: ? - help, Shift-Dir - straight line, f - Snorg
Aim: Snorg (will become a yaktaur, a queen bee, or a shock serpent, chance to affect: 24%) Snorg resists with almost no effort.
Aiming: Polymorph
Press: ? - help, Shift-Dir - straight line, f/p - Snorg
Aim: Snorg (will become a yaktaur, a queen bee, or a shock serpent, chance to affect: 24%) Snorg resists with almost no effort.
Okay, then.
Press: ? - help, v - describe, . - travel The floor.
Unknown command.
Aiming: Polymorph
Press: ? - help, Shift-Dir - straight line, f/p - Snorg
Aim: Snorg (will become a yaktaur, a queen bee, or a shock serpent, chance to affect: 24%) Snorg resists with almost no effort.
Aiming: Polymorph
Press: ? - help, Shift-Dir - straight line, f/p - Snorg
Aim: Snorg (will become a yaktaur, a queen bee, or a shock serpent, chance to affect: 24%) Snorg evaporates and reforms as a shock serpent!
You hit Snorg.
Snorg is poisoned.
Snorg is lightly wounded.
Snorg misses you. Snorg closely misses you.
You closely miss Snorg.
Snorg is lightly wounded.
Snorg shoots out a bolt of lightning at you!
The bolt of electricity hits you!! Snorg bites you. Snorg shocks you!
Busisiwe casts a spell at Snorg.
The puff of frost hits Snorg!
Snorg's electric aura discharges, shocking Busisiwe!
You hit Snorg.
Snorg looks as sick as possible!
Snorg is moderately wounded.
Snorg shoots out a bolt of lightning at you!
The bolt of electricity hits you!!
Busisiwe misses Snorg.
Snorg shoots out a bolt of lightning at you!
The bolt of electricity hits you!!
* * * LOW HITPOINT WARNING * * *
Busisiwe closely misses Snorg.
Snorg bites you!
* * * LOW HITPOINT WARNING * * *
Snorg shocks you!
You die...

...## ...... ... .##
..##.. #$###.# ##>...##
#.##..## ..##..
#.#...P### ##.##.##
##......#P###..##.P.
..##.#.R................<
.......S..........##.####
.#######@...P####P####
#...### ### ##..# #P..#
#P.## #..# ..# .#.


You could see the friendly Busisiwe the battlemage and Snorg the shock serpent
(extremely poisoned, ally target).

Vanquished Creatures
  A hydra (Lair:3)
  A centaur warrior (D:8)
  Pikel (D:6)
  An ugly thing (D:9)
  3 centaur zombies
  A black mamba (Lair:2)
  Joseph (D:8)
  2 cane toads
  2 komodo dragons (Lair:2)
  Maggie (D:7)
  A tyrant leech (Lair:2)
  2 blink frogs (Lair:3)
  Prince Ribbit (D:7)
  A wyvern (Lair:1)
  4 yaks (Lair:2)
  2 fire bats (Lair:2)
  2 steam dragons
  8 water moccasins
  A sky beast (D:5)
  3 black bears
  An orc warrior (D:9)
  2 ogres
  An ice beast (D:8)
  4 centaurs
  2 bullfrogs
  2 gnoll sergeants
  A scorpion (D:3)
  An electric eel (Lair:3)
  A howler monkey (D:7)
  A hound (D:6)
  5 jellies
  A gnoll shaman (D:8)
  3 orc priests (D:6)
  2 centaur skeletons
  3 iguanas
  Jessica (D:3)
  Ijyb (D:3)
  A battlemage (Lair:2)
  Natasha (thrice) (D:3)
  6 orc wizards
  2 killer bee zombies
  2 hound skeletons (D:4)
  8 mummies (Ossuary)
  3 howler monkey zombies
  Robin (D:3)
  6 adders
  15 gnolls
  7 white imps (Lair:1)
  An ufetubus (D:6)
  4 worms
  2 dart slugs (D:1)
  26 orcs
  2 ball pythons
  3 endoplasms
  3 giant cockroaches
  2 gnoll zombies (Ossuary)
  7 hobgoblins
  3 jackals (D:1)
  4 quokkas
  5 bats
  2 frilled lizards
  19 goblins
  2 hobgoblin zombies (Ossuary)
  5 kobolds
  2 kobold zombies (Ossuary)
  2 orc zombies (Ossuary)
  4 rats
223 creatures vanquished.

Vanquished Creatures (collateral kills)
  A hydra (Lair:1)
  A gargoyle (Volcano)
  Psyche (D:9)
  2 komodo dragons
  An efreet (Volcano)
  A troll (D:9)
  2 blink frogs (Lair:3)
  2 yaks
  A wyvern (Lair:3)
  A fire bat (Lair:2)
  2 fire elementals
  2 swamp worms (Lair:2)
  A water moccasin (Lair:1)
  3 wolves (Lair:2)
  A bullfrog (Lair:3)
  An electric eel (Lair:3)
  2 gnolls (D:8)
  5 white imps (Lair:1)
30 creatures vanquished.

Vanquished Creatures (others)
  An ancestor (Lair:1)
  2 battlemagi (Lair:2)
  5 fungi
  3 plants
11 creatures vanquished.

Grand Total: 264 creatures vanquished

Notes
Turn   | Place    | Note
-------+----------+-------------------------------------------
     0 | D:1      | shoop the Ogre Hunter began the quest for the Orb.
     0 | D:1      | Reached XP level 1. HP: 22/22 MP: 1/1
    23 | D:1      | Reached skill level 1 in Stealth
    23 | D:1      | Reached XP level 2. HP: 31/31 MP: 2/2
   401 | D:1      | Reached XP level 3. HP: 25/37 MP: 3/3
  1378 | D:2      | Reached skill level 5 in Throwing
  1828 | D:2      | Reached XP level 4. HP: 45/45 MP: 4/4
  2092 | D:2      | Found a faded altar of an unknown god.
  2364 | D:3      | Noticed Robin
  2383 | D:3      | Killed Robin
  2597 | D:3      | Noticed Natasha
  2597 | D:3      | Noticed a scorpion
  2615 | D:3      | Killed a scorpion
  2616 | D:3      | Reached skill level 1 in Maces & Flails
  2616 | D:3      | Reached XP level 5. HP: 32/55 MP: 5/5
  2781 | D:3      | Killed Natasha
  2938 | D:3      | Reached skill level 5 in Fighting
  2938 | D:3      | Reached XP level 6. HP: 34/66 MP: 6/6
  3242 | D:3      | Noticed Ijyb
  3251 | D:3      | Killed Ijyb
  3252 | D:3      | Reached skill level 6 in Throwing
  3459 | D:3      | Found a runed translucent door.
  3460 | D:3      | Noticed Crazy Yiuf
  3517 | D:3      | Noticed Natasha
  3526 | D:3      | Killed Natasha
  3546 | D:3      | Noticed Jessica
  3572 | D:3      | Killed Jessica
  3573 | D:3      | Reached skill level 1 in Evocations
  3895 | D:3      | Noticed Natasha
  4059 | D:3      | Killed Natasha
  4472 | D:4      | Noticed a black bear
  4869 | D:4      | Noticed a black bear
  4877 | D:4      | Killed a black bear
  4878 | D:4      | Reached XP level 7. HP: 72/72 MP: 7/7
  5189 | D:4      | Learned a level 3 spell: Mephitic Cloud
  5630 | D:5      | Entered Level 5 of the Dungeon
  5670 | D:5      | Reached skill level 1 in Spellcasting
  5670 | D:5      | Reached skill level 1 in Conjurations
  5715 | D:5      | Found Xahiz's Magic Scroll Shoppe.
  5721 | D:5      | Reached skill level 1 in Air Magic
  5721 | D:5      | Reached skill level 1 in Poison Magic
  5748 | D:5      | Bought a scroll of fear for 35 gold pieces
  5748 | D:5      | Bought a scroll of blinking for 75 gold pieces
  5748 | D:5      | Bought a scroll of teleportation for 30 gold pieces
  5748 | D:5      | Bought a scroll of magic mapping for 35 gold pieces
  5760 | D:5      | Found Omaca's Magic Scroll Boutique.
  5887 | D:5      | Reached XP level 8. HP: 80/80 MP: 10/10
  6096 | D:5      | Found a stormy altar of Qazlal.
  6098 | D:5      | Noticed a water elemental
  6098 | D:5      | Noticed an air elemental
  6796 | D:5      | Reached skill level 7 in Throwing
  7144 | D:6      | Reached XP level 9. HP: 29/88 MP: 14/14
  8130 | D:6      | Reached skill level 8 in Throwing
  8746 | D:5      | Bought a scroll of fog for 30 gold pieces
  8769 | D:7      | Found Yxuahig's CLEARANCE SALE!.
  8770 | D:7      | Noticed Prince Ribbit
  8792 | D:7      | Killed Prince Ribbit
  8910 | D:7      | Reached skill level 9 in Throwing
  9007 | D:7      | Noticed Pikel
  9063 | D:6      | Killed Pikel
  9064 | D:6      | Reached skill level 10 in Throwing
  9264 | D:7      | Found a sand-covered staircase.
  9272 | Ossuary  | Entered an ossuary
  9622 | D:5      | Bought a scroll of enchant weapon for 75 gold pieces
  9622 | D:5      | Bought a scroll of identify for 20 gold pieces
  9792 | D:7      | Found Plog's Magic Scroll Shoppe.
  9820 | D:7      | Noticed Maggie
 10112 | D:7      | Found a staircase to the Ecumenical Temple.
 10356 | D:7      | Reached XP level 10. HP: 85/98 MP: 16/16
 10382 | Temple   | Entered the Ecumenical Temple
 10508 | Temple   | Became a worshipper of Hepliaklqana the Forgotten
 11140 | D:8      | Noticed Psyche
 11451 | D:8      | Noticed a centaur warrior
 11683 | D:7      | Killed Maggie
 11909 | D:8      | Noticed Joseph
 12369 | D:8      | Killed Joseph
 12735 | D:9      | Reached skill level 1 in Armour
 12969 | D:9      | Noticed Maurice
 12998 | D:10     | Entered Level 10 of the Dungeon
 13190 | D:10     | Reached skill level 5 in Spellcasting
 13391 | D:10     | Noticed Maurice
 13391 | D:10     | Maurice changed into Maurice the worm
 13395 | D:10     | Killed Maurice the worm
 13731 | D:9      | Found Dasih's Book Emporium.
 13745 | D:9      | Noticed a brown ugly thing
 13793 | D:9      | Killed a brown ugly thing
 13954 | D:9      | Reached * piety under Hepliaklqana
 14577 | D:8      | Noticed Erica
 14598 | D:8      | Noticed Harold
 14778 | D:8      | Found a staircase to the Lair.
 15019 | D:9      | Killed Psyche
 15039 | D:8      | Killed a centaur warrior
 15040 | D:8      | Reached XP level 11. HP: 71/101 MP: 16/18
 15581 | Lair:1   | Entered Level 1 of the Lair of Beasts
 15640 | Lair:1   | Found a frozen archway.
 15650 | Lair:1   | Noticed a four-headed hydra
 15654 | Lair:1   | Killed a four-headed hydra
 15672 | Lair:1   | Reached skill level 10 in Fighting
 15768 | Lair:1   | Reached ** piety under Hepliaklqana
 15769 | Lair:1   | Remembered your ancestor Busisiwe as a battlemage
 15791 | Lair:1   | You fall into a shaft and drop 1 floor!
 16031 | Lair:2   | Found a staircase to the Swamp.
 16102 | Lair:2   | Reached skill level 11 in Throwing
 16263 | Lair:2   | Found a dark tunnel.
 16272 | Volcano  | Entered a volcano
 16293 | Volcano  | Identified the +0 buckler of Youthful Indiscretion {+Inv}
 16602 | Lair:1   | Reached *** piety under Hepliaklqana
 16646 | Lair:1   | Reached skill level 12 in Throwing
 17422 | Lair:2   | Reached skill level 1 in Invocations
 17553 | Lair:3   | Reached XP level 12. HP: 106/117 MP: 19/19
 17718 | Lair:3   | Noticed a six-headed hydra
 17721 | Lair:3   | Killed a six-headed hydra
 17722 | Lair:3   | Reached skill level 5 in Invocations
 18130 | Lair:3   | Noticed a seven-headed hydra
 18144 | Lair:4   | Reached **** piety under Hepliaklqana
 18161 | Lair:4   | Noticed Snorg
 18166 | Lair:4   | Noticed Snorg
 18166 | Lair:4   | Snorg changed into Snorg the shock serpent
 18170 | Lair:4   | Mangled by Snorg the shock serpent

Illustrated notes

Levels and vault maps discovered:
D:1:      heliophobic_arrival_enchanted_forest, layout_basic
D:2:      layout_basic, dilly_ecumenical_altar_fadedgnrine
D:3:      layout_basic, uniq_robin, uniq_natasha, uniq_jessica,
          uniq_crazy_yiuf_cottage, uniq_ijyb
D:4:      layout_cave_pods, hex_medium
D:5:      layout_loops_cross, nicolae_qazlal_style_of_elements, serial_shops,
          shop, nicolae_diamond_shop
D:6:      layout_basic
D:7:      layout_loops_cross, minmay_temple_entry_mini_moons,
          nicolae_ossuary_entry_plus, serial_shops, nicolae_inconvenience_store,
          nicolae_shop_clearance, uniq_maggie, uniq_prince_ribbit1, uniq_pikel
D:8:      layout_basic, lair_entry_dummy, minmay_misc_feat_roman, uniq_harold,
          uniq_erica, uniq_joseph, uniq_psyche
D:9:      layout_cave_pools, serial_shops, shop, uniq_maurice
D:10:     layout_loops_cross, minmay_orc_entry_temple_small, serial_shops,
          nicolae_shop_stone, hangedman_feature_mirror, kennysheep_diamond,
          palyth_stone_intersect
Temple:   kilobyte_greek_temple
Lair:1:   layout_misc_corridors, portal_ice_cave_entry_imps
Lair:2:   gammafunk_indiana_jones, layout_gridlike, minmay_swamp_entry_worms,
          lightli_volcano_entry_magma_tube
Lair:3:   layout_regular_city, dummy_snake_entry, nicolae_quartered_pool_super,
          minmay_hedge_maze
Lair:4:   beast_lair_carwin_large_2, layout_loops_ring, gauntlet_entry_generic,
          chequers_serial_rivers_room_b, small_statue_intersection, uniq_snorg

Skill      XL: |  1  2  3  4  5  6  7  8  9 10 11 12 |
---------------+-------------------------------------+-----
Fighting       | 3 4 5 6 8 11 | 11.2
Dodging        | 2 3 |  3.4
Stealth        | 1 2 |  2.0
Throwing       | 5 6 7 10 12 | 12.1
Maces & Flails | 1 2 |  2.0
Evocations     | 3 4 |  4.0
Spellcasting   | 1 3 4 5 |  5.1
Conjurations   | 1 3 4 |  4.0
Air Magic      | 1 3 4 |  4.0
Poison Magic   | 1 3 4 |  4.0
Armour         | 3 |  3.0
Invocations    | 2 5 |  5.3

Action                   |  1- 3 |  4- 6 |  7- 9 | 10-12 || total
-------------------------+-------+-------+-------+-------++-------
Melee: Spear             |   117 |       |       |       ||   117
       Short sword       |     4 |       |       |       ||     4
       Mace              |     1 |    20 |       |       ||    21
       Dagger            |       |   147 |       |       ||   147
       Unarmed           |       |    12 |       |       ||    12
       Trident           |       |     3 |   277 |   288 ||   568
       Quarterstaff      |       |       |       |    88 ||    88
Throw: Large rock        |     1 |     4 |     1 |     6 ||    12
       Dart              |       |    25 |       |       ||    25
       Boomerang         |       |     4 |    84 |    19 ||   107
       Throwing net      |       |     1 |       |       ||     1
 Cast: Mephitic Cloud    |       |       |       |    14 ||    14
Invok: Recall Ancestor   |       |       |       |     1 ||     1
       Ancestor Life: Ba |       |       |       |     1 ||     1
Evoke: Wand              |       |       |       |    15 ||    15
  Use: Scroll            |       |       |     5 |     3 ||     8
       Potion            |       |       |       |     1 ||     1
 Stab: Sleeping          |     4 |       |     1 |     1 ||     6
       Paralysed         |       |       |       |     5 ||     5
       Confused          |       |       |       |     6 ||     6
       Distracted        |       |       |       |     2 ||     2
Armor: Robe              |    35 |    40 |    91 |    11 ||   177
       Acid dragon scale |       |       |       |    61 ||    61
       Troll leather arm |       |       |       |    43 ||    43
Dodge: Dodged            |    45 |    79 |   149 |   233 ||   506

Table legend: (Time is in decaauts)
 A = Elapsed time spent in this place.
 B = Non-inter-level travel time spent in this place.
 C = Inter-level travel time spent in this place.
 D = Time resting spent in this place.
 E = Time spent auto-exploring this place.
 F = Levels seen in this place.
 G = Mean time per level.
                   A        B        C        D        E       F      G
               +--------+--------+--------+--------+--------+-----+--------+
         Total |  18352 |  17446 |    906 |   2499 |  11196 |  17 | 1079.5 |
       Dungeon |  15281 |  14465 |    816 |   2355 |   9553 |  10 | 1528.1 |
        Temple |    165 |    138 |     27 |      0 |    114 |   1 |  165.0 |
          Lair |   2388 |   2325 |     63 |    144 |   1353 |   4 |  597.0 |
       Ossuary |    287 |    287 |      0 |      0 |    176 |   1 |  287.0 |
       Volcano |    228 |    228 |      0 |      0 |      0 |   1 |  228.0 |
               +--------+--------+--------+--------+--------+-----+--------+

Top non-repeatable levels by time:
     D:7: 2648 daAuts
     D:3: 2052 daAuts
     D:6: 1959 daAuts
     D:8: 1619 daAuts
     D:9: 1572 daAuts
     D:4: 1433 daAuts
     D:5: 1410 daAuts
     D:1: 1132 daAuts
  Lair:2: 1067 daAuts
     D:2: 1044 daAuts
  Lair:1: 668 daAuts
  Lair:3: 625 daAuts
    D:10: 409 daAuts
 Ossuary: 287 daAuts
 Volcano: 228 daAuts
